Map: Tokamak LE

Players

Serral - Winner!

  • Race: Zerg Zerg
  • Spawn Location: 7:00

Classic

  • Race: Protoss Protoss
  • Spawn Location: 1:00

Event: DreamHack Dallas 2025

VOD

Have the link to the VOD?

Description

Time

  • Played on: May 25, 2025, 1:08 p.m.
  • Length: 45:42

All games in this series

Show
View Real Time Build Order
Export as new Build Order

Serral Zerg - Winner!

Build Orders: Hatch First, Lurkers, Roach Hydra 

Get SALT Encoding   

  12  0:00  Drone  
  13  0:07  Drone  
  14  0:15  Drone, Extractor  
  15  0:21  Overlord  
  15  0:41  Drone  
  16  0:45  Hatchery  
  16  0:49  Drone  
  16  0:52  Drone  
  16  0:56  Drone  
  18  1:07  Extractor  
  17  1:12  Spawning Pool  
  17  1:14  Drone  
  17  1:17  Drone  
  18  1:26  Drone  
  19  1:39  Drone  
  20  1:48  Drone  
  21  1:58  Queen  
  21  1:59  Zergling x2, Queen  
  21  2:01  Overlord  
  26  2:07  Drone  
  27  2:10  Zergling x2  
  27  2:12  Metabolic Boost  
  28  2:20  Drone x2  
  30  2:30  Drone  
  30  2:32  Drone  
  30  2:34  Queen  
  34  2:46  Hatchery  
  34  2:49  Overlord  
  33  2:52  Drone  
  33  2:54  Drone  
  33  2:56  Drone  
  35  3:07  Zergling x2  
  35  3:09  Drone, Overlord  
  35  3:11  Drone x2  
  39  3:19  Zergling x2, Queen  
  40  3:20  Spore Crawler  
  40  3:23  Drone x2  
  43  3:29  Drone, Spore Crawler  
  43  3:34  Drone  
  43  3:38  Queen  
  43  3:40  Drone  
  43  3:41  Drone  
  48  3:43  Zergling x2  
  48  3:44  Drone  
  48  3:48  Overlord  
  50  3:50  Drone  
  51  3:58  Drone x4  
  55  4:04  Zergling x2  
  55  4:06  Drone  
  57  4:10  Drone x4  
  57  4:16  Drone x3, Overlord  
  64  4:20  Zergling x2  
  64  4:21  Spore Crawler  
  64  4:24  Drone  
  65  4:25  Lair  
  65  4:34  Overlord  
  65  4:37  Overlord  
  64  4:38  Extractor  
  64  4:39  Drone x2  
  64  4:40  Roach Warren  
  64  4:41  Drone  
  64  4:45  Drone x4  
  69  4:48  Overlord  
  69  4:50  Drone  
  69  4:52  Zergling x4  
  72  4:57  Overlord  
  72  4:59  Zergling x4, Evolution Chamber  
  73  5:02  Zergling x4  
  75  5:08  Extractor  
  75  5:11  Zergling x6  
  75  5:17  Zergling x12  
  75  5:20  Drone x4  
  82  5:23  Drone  
  82  5:26  Drone  
  80  5:31  Drone  
  80  5:33  Drone  
  78  5:38  Drone  
  78  5:41  Drone, Glial Reconstitution  
  80  5:44  Drone x3  
  80  5:45  Overseer  
  80  5:49  Drone x2  
  85  5:53  Zerg Melee Weapons Level 1  
  85  5:54  Overlord  
  85  5:58  Extractor  
  85  6:01  Hatchery  
  85  6:02  Drone x2  
  85  6:05  Drone x2  
  85  6:06  Extractor  
  85  6:08  Drone x3  
  89  6:12  Drone x3  
  89  6:17  Overlord  
  92  6:19  Drone x4  
  92  6:21  Drone  
  92  6:23  Drone  
  92  6:24  Extractor  
  97  6:26  Baneling Nest  
  97  6:28  Drone  
  97  6:32  Drone  
  98  6:36  Overlord  
  98  6:37  Infestation Pit  
  98  6:38  Drone  
  98  6:40  Drone x3  
  98  6:41  Roach x3  
  98  6:46  Roach x3  
  113  6:50  Roach x2  
  113  6:53  Overlord  
  117  6:58  Roach  
  117  7:00  Roach  
  121  7:02  Roach x2  
  121  7:03  Overlord, Roach  
  121  7:08  Overlord x3  
  127  7:11  Centrifugal Hooks  
  127  7:15  Roach x2  
  131  7:19  Zergling x10  
  131  7:22  Ravager x3  
  138  7:24  Baneling x7  
  138  7:25  Zergling x2  
  138  7:27  Overseer  
  138  7:28  Roach x2  
  143  7:32  Roach  
  143  7:33  Zergling x4, Roach  
  143  7:35  Zergling x2  
  150  7:39  Overlord  
  150  7:40  Zergling x2  
  150  7:41  Zergling x4  
  153  7:46  Zergling x10  
  153  7:48  Zergling x6  
  153  7:51  Baneling x5  
  160  7:53  Zergling x6  
  163  8:03  Zergling x14  
  152  8:06  Zerg Melee Weapons Level 2  
  152  8:09  Hive  
  152  8:10  Evolution Chamber  
  152  8:11  Hydralisk Den  
  141  8:14  Queen  
  141  8:16  Drone x6  
  141  8:19  Drone x3  
  145  8:25  Drone x3, Extractor  
  145  8:26  Overlord, Extractor  
  145  8:33  Overlord  
  145  8:36  Zerg Missile Weapons Level 1  
  145  8:43  Hydralisk x7  
  145  8:45  Muscular Augments  
  145  8:47  Lurker Den  
  155  8:52  Spine Crawler  
  155  8:55  Baneling x5  
  154  8:56  Baneling x2  
  154  8:57  Hydralisk x2  
  154  9:00  Hatchery  
  157  9:07  Queen x2  
  159  9:13  Zergling x12  
  164  9:20  Drone x2  
  164  9:23  Zergling x2  
  164  9:24  Zergling x12  
  170  9:29  Zergling x8  
  167  9:32  Adrenal Glands  
  163  9:38  Drone  
  163  9:40  Drone x2, Spine Crawler  
  163  9:43  Hydralisk x2, Overlord  
  169  9:47  Lurker x4  
  169  9:48  Seismic Spines  
  169  9:49  Grooved Spines  
  169  9:52  Zergling x4  
  175  9:53  Zergling x6  
  175  9:54  Drone x2  
  179  10:01  Lurker x2  
  179  10:03  Zergling x10  
  183  10:08  Spine Crawler  
  183  10:13  Lurker x2  
  184  10:18  Hydralisk x2  
  184  10:19  Zergling x20  
  198  10:23  Hydralisk  
  193  10:30  Zergling x10  
  193  10:31  Zergling x6  
  194  10:37  Drone x2, Spine Crawler  
  194  10:38  Spine Crawler  
  194  10:39  Extractor x2  
  194  10:41  Zerg Missile Weapons Level 2  
  194  10:42  Zerg Ground Armor Level 1  
  187  10:43  Lurker  
  187  10:44  Lurker  
  186  10:53  Hydralisk x3  
  186  10:54  Hydralisk  
  194  10:57  Zergling x12  
  194  11:00  Hydralisk x3  
  194  11:01  Zergling x2  
  168  11:06  Hydralisk x2  
  168  11:07  Zergling x2  
  149  11:16  Zergling x18  
  149  11:20  Lurker  
  149  11:21  Hydralisk  
  149  11:22  Zergling x2  
  152  11:26  Zergling x2  
  152  11:27  Zergling x4  
  152  11:32  Adaptive Talons  
  154  11:34  Drone x2  
  154  11:35  Drone  
  155  11:42  Drone x4  
  155  11:46  Lurker x6  
  165  11:56  Spire  
  165  11:58  Drone x2  
  165  12:00  Zergling x2  
  165  12:01  Zergling x12  
  172  12:13  Drone x3  
  173  12:16  Baneling x2  
  173  12:17  Lurker x2, Baneling x4  
  173  12:18  Lurker  
  173  12:19  Drone x2  
  173  12:21  Overseer  
  173  12:22  Zergling x4  
  179  12:30  Hydralisk x2  
  179  12:31  Zergling x6  
  186  12:38  Drone  
  187  12:45  Overseer, Pneumatized Carapace  
  187  12:56  Zergling x16  
  184  13:00  Overlord  
  176  13:10  Zergling x12  
  176  13:15  Zerg Flyer Weapons Level 1  
  176  13:18  Hatchery  
  176  13:19  Corruptor  
  174  13:20  Corruptor x6  
  174  13:21  Baneling x2  
  174  13:22  Baneling x2  
  174  13:24  Baneling x2  
  174  13:25  Unknown  
  188  13:29  Overseer  
  188  13:31  Corruptor x2  
  192  13:39  Lurker  
  192  13:40  Lurker x5  
  197  13:45  Zerg Melee Weapons Level 3, Zerg Ground Armor Level 2  
  189  13:58  Corruptor x2  
  189  13:59  Corruptor x2  
  189  14:00  Overseer  
  197  14:03  Baneling x4  
  197  14:20  Corruptor x2  
  198  14:35  Spine Crawler x2  
  198  14:38  Infestor x2  
  199  14:50  Infestor x2  
  196  14:53  Zergling x8  
  185  15:00  Burrow  
  185  15:01  Zergling x10  
  186  15:15  Corruptor x6  
  192  15:23  Hydralisk x4  
  192  15:25  Greater Spire  
  188  15:40  Corruptor x5  
  191  15:48  Lurker  
  191  15:49  Lurker x3, Overseer x2  
  193  15:50  Zergling x14  
  193  15:52  Extractor  
  193  15:56  Queen x2  
  199  16:10  Queen  
  199  16:11  Queen x2  
  193  16:12  Overlord x3  
  193  16:14  Hatchery  
  193  16:16  Overlord  
  193  16:17  Overlord  
  192  16:27  Overlord  
  192  16:28  Overlord  
  192  16:29  Extractor  
  192  16:31  Drone x3  
  192  16:32  Drone  
  195  16:37  Drone x3  
  198  16:40  Overseer  
  198  16:45  Zergling x2  
  196  17:03  Brood Lord  
  196  17:07  Brood Lord x2  
  199  17:14  Overseer  
  194  17:16  Spore Crawler x2  
  194  17:17  Overseer  
  194  17:20  Brood Lord x2  
  194  17:21  Brood Lord  
  195  17:23  Brood Lord  
  195  17:24  Zerg Flyer Weapons Level 2  
  195  17:25  Corruptor  
  199  17:31  Brood Lord  
  199  17:32  Corruptor  
  198  17:41  Overseer  
  194  17:52  Brood Lord  
  194  17:53  Infestor  
  198  18:02  Brood Lord, Spore Crawler  
  198  18:03  Extractor  
  195  18:13  Corruptor, Brood Lord  
  195  18:16  Extractor  
  198  18:20  Extractor  
  198  18:21  Drone x2  
  198  18:22  Spine Crawler  
  198  18:30  Corruptor  
  189  18:44  Infestor x2  
  189  18:45  Corruptor x6  
  200  18:57  Hatchery, Brood Lord  
  200  18:58  Overseer  
  199  19:05  Hatchery  
  199  19:07  Zergling x4  
  199  19:40  Zerg Flyer Armor Level 1  
  195  20:11  Viper  
  195  20:12  Corruptor  
  197  20:23  Infestor  
  197  20:32  Hatchery  
  197  20:34  Extractor  
  194  20:39  Corruptor x4  
  199  20:53  Zergling x6  
  199  20:59  Hatchery  
  199  21:03  Hatchery  
  198  21:25  Drone x2  
  198  21:29  Spore Crawler x2  
  198  21:34  Zerg Flyer Weapons Level 3  
  198  21:44  Zergling x2  
  198  21:45  Zergling x2, Hatchery  
  198  21:48  Hatchery  
  187  21:57  Infestor x2  
  183  22:03  Brood Lord x2  
  183  22:05  Infestor x2  
  183  22:06  Corruptor x4  
  198  22:19  Zergling x10  
  200  22:34  Hatchery  
  199  22:42  Extractor  
  199  22:44  Extractor  
  197  22:48  Nydus Network  
  197  22:51  Zergling x14  
  187  23:28  Infestor x3  
  187  23:29  Infestor  
  187  23:30  Neural Parasite  
  187  23:31  Drone  
  187  23:33  Infestor  
  192  23:36  Zergling x16  
  199  24:03  Spore Crawler  
  199  24:04  Spore Crawler  
  197  24:11  Zerg Flyer Armor Level 2  
  187  24:17  Zergling x20  
  197  24:25  Zergling x6  
  200  24:32  Viper  
  200  24:43  Spore Crawler  
  200  24:44  Spore Crawler  
  196  24:47  Nydus Canal  
  196  24:50  Infestor  
  195  24:56  Overseer  
  195  25:02  Nydus Canal  
  195  25:18  Queen  
  195  25:19  Queen x2  
  184  25:40  Drone x3  
  184  25:41  Drone x3, Hatchery  
  187  25:44  Hatchery  
  187  25:46  Drone x4  
  187  25:47  Infestor  
  187  25:48  Infestor x2  
  196  25:50  Zergling x8  
  199  25:59  Drone  
  199  26:02  Overseer x5  
  199  26:12  Hatchery  
  198  26:21  Brood Lord  
  198  26:22  Overseer  
  200  26:33  Nydus Canal  
  200  26:53  Nydus Canal  
  196  26:57  Zergling x6  
  196  26:58  Overseer  
  198  27:21  Overlord  
  198  27:22  Zergling x4  
  200  27:23  Nydus Canal  
  200  27:27  Spore Crawler x2  
  195  27:44  Nydus Canal  
  195  27:57  Zergling x14  
  200  28:04  Nydus Canal  
  198  28:34  Zergling x6  
  199  28:45  Zergling x8  
  199  28:49  Hatchery x2  
  191  28:55  Hydralisk  
  191  28:56  Hydralisk x4  
  191  28:58  Zerg Flyer Armor Level 3  
  193  29:05  Hydralisk x2  
  197  29:17  Nydus Canal  
  193  29:25  Brood Lord  
  193  29:26  Lurker x4  
  193  29:31  Overseer  
  199  29:58  Lurker x2  
  199  30:02  Drone  
  199  30:03  Drone x3  
  199  30:04  Lurker  
  199  30:05  Zergling x2  
  199  30:06  Zergling x2  
  200  30:23  Nydus Canal  
  200  30:43  Nydus Canal  
  197  31:05  Nydus Canal  
  197  31:07  Viper  
  182  31:21  Infestor x3  
  158  31:34  Corruptor x4  
  156  31:42  Extractor  
  156  31:44  Infestor x3  
  153  31:48  Queen  
  153  31:49  Queen x2  
  153  31:50  Zergling x14  
  153  31:51  Extractor  
  153  31:52  Brood Lord x6  
  153  31:53  Brood Lord  
  153  31:54  Corruptor x5  
  176  32:01  Zergling x16  
  189  32:07  Zergling x16  
  189  32:08  Extractor  
  187  32:12  Drone x4  
  191  32:22  Zergling x14  
  196  32:33  Hatchery  
  193  32:37  Drone x2  
  193  32:38  Drone  
  193  32:40  Spore Crawler  
  198  32:48  Extractor  
  198  32:49  Extractor  
  195  32:56  Corruptor  
  195  32:57  Corruptor  
  194  33:10  Brood Lord  
  194  33:11  Drone x2  
  198  33:21  Zergling x2  
  198  33:24  Hatchery  
  198  33:32  Spore Crawler x2  
  194  33:45  Nydus Canal  
  192  33:51  Hatchery  
  186  34:05  Drone x3  
  185  34:10  Hatchery  
  185  34:15  Infestor  
  185  34:16  Infestor  
  187  34:22  Overlord  
  184  34:25  Corruptor  
  185  34:32  Corruptor x2  
  187  34:40  Corruptor  
  189  34:51  Drone  
  189  34:52  Drone x2  
  192  34:56  Corruptor  
  185  35:12  Drone  
  186  35:21  Hatchery  
  185  35:30  Zergling x6  
  185  35:31  Corruptor  
  190  35:41  Nydus Canal  
  169  36:04  Brood Lord x3  
  169  36:11  Zergling x6  
  175  36:16  Zergling x14  
  181  36:21  Hatchery  
  176  36:27  Brood Lord  
  178  36:35  Corruptor  
  176  36:54  Corruptor  
  178  37:07  Drone x3, Extractor  
  180  37:15  Drone  
  181  37:22  Corruptor  
  177  37:25  Brood Lord  
  177  37:26  Drone  
  182  37:37  Hatchery  
  182  37:38  Hatchery  
  180  37:49  Drone  
  180  37:51  Corruptor  
  180  37:55  Zergling x4  
  180  37:56  Zergling x2  
  184  38:05  Drone x2  
  185  38:23  Zergling x10  
  190  38:45  Corruptor x2  
  190  38:52  Drone  
  182  38:58  Drone x3  
  185  39:04  Infestor x4  
  185  39:05  Hydralisk  
  187  39:13  Brood Lord  
  189  39:21  Hydralisk x2  
  193  39:26  Infestor  
  193  39:29  Extractor  
  193  39:31  Drone x3  
  183  39:53  Infestor  
  183  39:54  Roach  
  184  40:04  Zergling x2, Extractor  
  184  40:05  Zergling x8  
  186  40:13  Zergling x14  
  177  40:21  Infestor  
  177  40:24  Zergling x12  
  184  40:34  Drone x2  
  184  40:35  Drone  
  184  40:55  Corruptor x2  
  184  40:56  Corruptor  
  186  41:14  Hatchery  
  185  41:21  Hydralisk  
  185  41:23  Hatchery  
  186  41:29  Infestor  
  186  41:32  Spore Crawler x2  
  184  41:40  Zergling x12  
  184  41:45  Brood Lord  
  183  41:53  Extractor  
  158  42:19  Infestor  
  160  42:25  Extractor  
  160  42:27  Drone x2  
  160  42:28  Drone, Overlord x2  
  162  42:31  Overlord  
  162  42:33  Zergling x10  
  167  42:38  Drone  
  167  42:42  Zergling x18  
  171  42:51  Hatchery  
  170  43:00  Drone x3  
  170  43:01  Drone x3  
  174  43:06  Extractor  
  174  43:07  Corruptor, Brood Lord  
  174  43:08  Extractor  
  176  43:15  Drone x3  
  174  43:41  Drone x2  
  174  43:42  Drone  
  177  43:48  Hatchery  
  177  43:53  Drone x2  
  177  44:06  Infestor x5  
  175  44:10  Infestor x4  
  170  44:47  Infestor x2  
  170  44:48  Infestor x2  
  170  44:49  Infestor x4  
  178  44:57  Hatchery  
  177  45:03  Drone  
  178  45:10  Hatchery  
Show
View Real Time Build Order
Export as new Build Order

Classic Protoss 

Build Orders: 1 Gate Expand, Oracle Opening 

Get SALT Encoding   

  12  0:00  Probe  
  13  0:12  Probe  
  14  0:18  Pylon  
  14  0:24  Probe  
  15  0:32  Probe  
  15  0:38  Gateway  
  15  0:40  Probe  
  16  0:46  Assimilator  
  17  0:51  Probe  
  18  1:03  Probe  
  19  1:15  Probe  
  20  1:24  Nexus  
  20  1:35  Cybernetics Core  
  20  1:37  Probe  
  21  1:42  Assimilator  
  21  1:49  Probe  
  21  1:52  Pylon  
  23  2:01  Probe, Adept  
  23  2:13  Probe  
  23  2:15  Stargate  
  26  2:24  Warp Gate  
  26  2:25  Probe  
  27  2:31  Adept  
  27  2:32  Probe  
  27  2:33  Probe  
  30  2:40  Probe  
  30  2:41  Probe  
  31  2:50  Probe  
  31  2:51  Oracle  
  33  2:52  Probe  
  35  3:02  Probe  
  35  3:03  Adept  
  35  3:04  Probe  
  42  3:11  Pylon  
  42  3:14  Probe  
  42  3:16  Probe  
  44  3:20  Oracle  
  44  3:24  Gateway  
  44  3:28  Probe x2  
  49  3:40  Probe  
  49  3:41  Probe  
  51  3:50  Nexus  
  51  3:51  Pylon  
  51  3:54  Probe x2  
  53  3:59  Assimilator  
  53  4:01  Assimilator  
  53  4:04  Twilight Council  
  53  4:06  Probe  
  53  4:09  Probe  
  55  4:15  Pylon  
  55  4:18  Adept x2  
  55  4:20  Probe  
  55  4:23  Probe  
  61  4:28  Forge  
  61  4:32  Probe  
  61  4:35  Probe  
  63  4:41  Blink, Adept x2  
  63  4:45  Probe  
  68  4:47  Probe  
  69  4:52  Gateway  
  69  4:55  Gateway  
  69  5:04  Stalker x2  
  69  5:06  Protoss Ground Weapons Level 1  
  73  5:11  Probe x2  
  73  5:22  Gateway  
  73  5:23  Probe  
  73  5:26  Probe  
  75  5:34  Probe  
  67  5:36  Probe  
  67  5:38  Gateway, Probe  
  67  5:40  Stalker  
  67  5:41  Templar Archives  
  67  5:42  Probe  
  68  5:44  Probe  
  68  5:45  Shield Battery  
  68  5:46  Probe  
  70  5:50  Probe  
  70  5:51  Stalker  
  70  5:52  Probe  
  70  5:56  Probe  
  75  5:58  Robotics Facility  
  75  6:01  Stalker  
  75  6:02  Probe  
  79  6:04  Psionic Storm  
  79  6:05  Assimilator x2  
  79  6:07  Pylon  
  79  6:09  Shield Battery  
  79  6:10  Probe  
  79  6:11  Probe  
  81  6:14  Probe  
  81  6:15  Pylon  
  81  6:18  Stalker  
  84  6:24  Pylon  
  84  6:26  Pylon  
  84  6:30  High Templar x2  
  88  6:35  Warp Prism  
  88  6:44  Gateway  
  88  6:45  Charge  
  88  6:46  Gateway  
  90  6:47  High Templar  
  90  6:53  Probe x2  
  90  6:54  Probe  
  95  6:55  Pylon  
  95  6:57  High Templar  
  95  6:59  Stalker x2  
  101  7:05  Pylon  
  101  7:07  Pylon, Stalker x2  
  105  7:19  Photon Cannon  
  105  7:21  Pylon  
  105  7:22  Pylon  
  105  7:24  Stalker  
  105  7:25  Protoss Ground Weapons Level 2  
  107  7:32  Stalker x4  
  112  7:40  Stalker x3  
  118  7:56  Stalker x5  
  127  8:03  Archon  
  113  8:08  Stalker x3  
  93  8:15  Probe  
  93  8:18  Probe  
  93  8:19  Probe  
  94  8:21  High Templar x2, Zealot x4  
  94  8:22  Zealot x2  
  110  8:32  Immortal  
  108  8:46  High Templar x2  
  108  8:48  Pylon  
  112  8:55  Nexus  
  112  8:57  High Templar x2  
  112  8:58  Zealot x4  
  124  9:04  Immortal  
  124  9:15  Pylon  
  126  9:19  Zealot x6  
  122  9:34  Zealot  
  122  9:39  Pylon  
  122  9:41  Nexus  
  122  9:42  High Templar  
  122  9:43  High Templar x2  
  132  9:46  High Templar, Zealot x3  
  132  9:48  Observer, Archon  
  132  9:51  Photon Cannon x2  
  132  9:52  Pylon, Probe x3  
  139  9:53  Archon  
  139  9:59  Photon Cannon  
  140  10:02  Immortal, Zealot  
  142  10:10  High Templar x2  
  142  10:11  Zealot  
  152  10:14  Archon  
  152  10:26  Zealot x5  
  156  10:36  Nexus  
  156  10:38  Zealot  
  158  10:43  Zealot x2  
  158  10:47  Zealot x5  
  172  10:51  Stargate  
  172  10:52  Fleet Beacon  
  172  10:59  Immortal  
  114  11:16  Zealot x6  
  114  11:17  Zealot x2  
  120  11:26  Tempest  
  112  11:34  Immortal  
  112  11:38  Probe x3  
  121  11:40  Assimilator, High Templar x4  
  121  11:44  Assimilator  
  121  11:45  Tempest  
  133  11:48  Probe  
  133  11:50  Probe x3  
  137  11:55  Protoss Ground Weapons Level 3  
  137  12:02  Zealot  
  139  12:13  Immortal, Tempest  
  143  12:17  Probe x2  
  143  12:20  Photon Cannon, Tempest  
  143  12:21  Photon Cannon  
  143  12:22  Shield Battery  
  150  12:40  Zealot x8  
  164  12:51  Tempest  
  164  12:56  Tempest  
  140  13:11  Probe x4  
  143  13:13  Zealot  
  143  13:15  Immortal  
  143  13:16  High Templar x4  
  153  13:20  Archon  
  153  13:23  Zealot x3  
  163  13:31  Mothership  
  171  13:42  Zealot  
  171  13:44  Zealot  
  171  13:45  Pylon  
  171  13:47  Pylon  
  169  13:49  Pylon  
  169  13:54  Photon Cannon  
  169  13:55  Probe  
  169  13:56  Probe x2  
  171  14:07  Probe  
  171  14:08  Probe x2  
  174  14:12  High Templar x2  
  174  14:13  Sentry, High Templar x2  
  184  14:18  Archon x2  
  184  14:19  Probe  
  184  14:20  Stalker x3  
  191  14:32  Photon Cannon  
  191  14:35  Photon Cannon  
  195  14:45  Zealot x4  
  197  14:46  Zealot x3  
  197  14:51  Zealot  
  189  15:10  High Templar x4  
  197  15:16  Archon  
  197  15:17  Archon  
  197  15:19  Pylon, Zealot  
  175  15:38  Zealot x3  
  175  15:39  Zealot  
  176  15:45  Tempest  
  180  15:59  Zealot x2  
  180  16:00  Oracle, Zealot x6  
  180  16:01  Observer  
  185  16:18  Nexus  
  185  16:21  Pylon  
  185  16:24  High Templar x3  
  185  16:25  High Templar  
  185  16:26  Zealot, Warp Prism  
  185  16:28  Tempest  
  185  16:30  Archon x2  
  191  16:42  Photon Cannon  
  191  16:43  Shield Battery  
  191  16:48  Zealot  
  183  16:56  Zealot  
  183  17:03  Observer  
  184  17:11  Nexus, Zealot x4, Tempest  
  184  17:14  Pylon  
  196  17:25  Observer  
  195  17:33  Probe  
  195  17:34  Probe x3  
  198  17:42  Observer  
  193  17:55  Zealot x2  
  197  18:00  Unknown  
  197  18:02  Zealot  
  198  18:09  Zealot x2  
  199  18:17  Photon Cannon  
  193  18:47  High Templar x2  
  197  18:49  Oracle  
  197  18:50  Photon Cannon  
  197  18:52  Photon Cannon  
  197  18:54  Assimilator  
  200  18:59  Assimilator  
  200  19:18  Photon Cannon  
  200  19:19  Photon Cannon  
  200  19:39  Cybernetics Core  
  200  19:42  Pylon  
  194  20:17  Zealot x4  
  200  20:25  Warp Prism  
  190  20:42  High Templar x3  
  194  20:50  High Templar x2  
  194  20:51  Photon Cannon  
  194  21:16  Protoss Air Weapons Level 1  
  194  21:18  Probe x5  
  199  21:27  Pylon  
  199  21:30  Probe  
  200  21:42  Nexus  
  189  21:57  Observer  
  180  22:10  Carrier  
  180  22:11  Carrier  
  179  23:10  Nexus  
  179  23:12  Pylon  
  177  23:16  Carrier x2  
  177  23:17  Nexus  
  177  23:18  Pylon  
  169  23:29  Stargate  
  169  23:31  Stargate  
  149  23:41  High Templar x2  
  153  23:47  Zealot x4  
  153  23:48  Zealot x2  
  164  24:08  Immortal  
  168  24:12  Nexus  
  168  24:15  Zealot x8  
  168  24:21  Pylon  
  156  24:29  Mothership  
  164  24:34  Carrier  
  164  24:35  Carrier  
  164  24:36  Protoss Air Weapons Level 2, Tempest  
  164  24:37  Carrier  
  186  24:41  Photon Cannon  
  186  24:44  Photon Cannon x3  
  186  24:46  Shield Battery  
  186  24:47  Photon Cannon  
  186  24:48  Immortal  
  186  24:49  Protoss Shields Level 1  
  190  24:54  High Templar x2  
  174  25:33  Probe  
  174  25:41  Probe  
  171  25:44  Probe x2  
  171  25:48  Probe  
  171  25:49  Probe  
  175  25:52  Probe  
  175  25:56  Probe x2  
  179  25:57  Probe  
  179  25:59  High Templar x2  
  179  26:01  Probe  
  179  26:03  Archon  
  179  26:04  Probe, High Templar  
  187  26:07  Probe  
  187  26:08  Probe x2, High Templar  
  193  26:12  Archon  
  193  26:17  High Templar  
  193  26:18  High Templar  
  197  26:19  Probe  
  197  26:23  Assimilator  
  197  26:24  Archon  
  198  26:28  Assimilator  
  198  26:30  Probe x2  
  183  27:07  Probe  
  184  27:09  Zealot x3  
  186  27:18  Observer  
  186  27:19  Probe  
  186  27:31  Probe, Zealot x4  
  195  27:55  Forge  
  195  28:03  Pylon  
  195  28:04  Pylon x2  
  189  28:07  Pylon  
  187  28:21  Probe  
  187  28:22  Oracle, Probe x3  
  182  28:34  Probe  
  182  28:35  Probe  
  183  28:51  Zealot x3  
  189  29:00  Oracle  
  171  29:12  High Templar x4  
  171  29:13  High Templar x2  
  171  29:17  Archon x3  
  186  30:11  Pylon  
  185  30:15  Templar Archives  
  185  30:26  Sentry  
  185  30:27  Stalker  
  189  30:31  Pylon  
  189  30:32  Pylon  
  189  30:36  Nexus  
  189  30:38  Pylon  
  176  31:37  Observer  
  176  31:43  Zealot x2  
  176  31:44  Void Ray  
  181  32:05  High Templar x3  
  187  32:14  Probe x4  
  191  32:23  Forge  
  191  32:24  Probe  
  191  32:25  Pylon  
  191  32:26  Probe  
  193  32:30  Gateway  
  193  32:32  Probe  
  194  32:41  Probe  
  194  32:44  Probe x2  
  194  32:45  Probe  
  194  32:48  Assimilator  
  198  32:52  Assimilator  
  198  32:53  Probe  
  199  32:59  Photon Cannon  
  199  33:00  Photon Cannon  
  199  33:01  Photon Cannon  
  199  33:03  Photon Cannon  
  198  33:17  Pylon  
  198  33:21  Pylon  
  198  33:24  Photon Cannon  
  196  34:43  Photon Cannon  
  196  34:52  Photon Cannon  
  196  34:54  Photon Cannon  
  196  34:55  Photon Cannon  
  196  34:57  Photon Cannon  
  196  34:58  Photon Cannon  
  196  34:59  Photon Cannon  
  195  35:03  Pylon  
  195  35:04  Pylon  
  195  35:05  Pylon  
  195  35:07  Pylon  
  195  35:09  Pylon x2  
  195  35:10  Pylon  
  195  35:11  Pylon  
  195  35:12  Pylon x2  
  195  35:13  Pylon  
  195  35:30  Probe, Photon Cannon x2  
  195  35:32  Photon Cannon  
  196  35:42  Probe  
  176  36:04  High Templar x2  
  176  36:08  Zealot  
  182  36:13  Probe  
  183  36:21  Probe  
  184  36:31  Probe  
  184  36:38  Fleet Beacon  
  184  36:39  Cybernetics Core  
  185  36:40  Probe  
  174  37:11  Probe  
  174  37:12  Pylon  
  174  37:13  Pylon  
  174  37:14  High Templar  
  177  37:19  Probe  
  177  37:24  Tempest  
  177  37:29  Probe  
  178  37:32  Mothership  
  191  37:37  Stargate  
  191  37:41  Probe  
  192  38:04  Stargate  
  192  38:07  Tempest  
  196  38:14  High Templar x2  
  188  38:35  Tempest  
  188  38:52  Assimilator  
  188  39:05  Pylon  
  188  39:07  Pylon  
  188  39:22  Tempest x2  
  196  39:42  Tempest  
  174  39:55  Tempest  
  182  40:10  Nexus  
  182  40:13  Zealot x3  
  181  40:29  Protoss Air Weapons Level 3  
  181  40:33  Photon Cannon  
  181  40:34  Photon Cannon  
  181  40:35  Pylon  
  181  40:36  Photon Cannon, Zealot x3  
  181  40:37  Photon Cannon  
  177  41:02  Photon Cannon  
  176  41:04  Photon Cannon  
  176  41:06  Photon Cannon  
  176  41:07  High Templar x2  
  176  41:08  High Templar  
  176  41:10  Photon Cannon  
  182  41:16  Nexus  
  182  41:20  Pylon  
  199  41:40  Zealot  
  199  41:41  Zealot x2  
  195  42:06  Archon  
  90  42:23  Stalker x3  
  74  42:48  Stalker x3  
  56  42:52  Gateway  
  56  42:56  Gateway  
  55  42:59  Gateway  
  55  43:13  High Templar  
  55  43:14  High Templar x2  
  61  43:29  Tempest x3  
  61  43:30  Gateway x2  
  61  43:31  Pylon  
  58  43:46  Stalker x4  
  60  43:56  Zealot x2  
  37  44:10  High Templar x2  
  37  44:11  Zealot  
  25  44:53  Zealot x5  
Tags
 
Add a new tag
Caveats
  • Supply blocks, unpowered buildings, or Contaminate may cause inaccurate times.
  • Supply counts are checked every 10 seconds.